 Dungeon Crawl Stone Soup version 0.29-a0-234-g0dae59b3db (webtiles) character file.

Game seed: 11312622147302882720

42 spaghetti the Skirmisher (level 3, -2/31 HPs)
             Began as a Mummy Delver on Mar 3, 2022.
             Slain by a river rat (5 damage)
             ... in a sewer.
             The game lasted 00:01:48 (1073 turns).

spaghetti the Skirmisher (Mummy Delver)             Turns: 1073, Time: 00:01:49

Health: -2/31      AC:  3    Str: 17    XL:     3   Next: 33%
Magic:  3/3        EV: 11    Int:  9    God:
Gold:   35         SH:  0    Dex: 13    Spells: 2/2 levels left

rFire   x . .      SeeInvis .   a - +0 falchion {long}
rCold   + . .      Faith    .   (no shield)
rNeg    + + +      Spirit   .   b - +0 leather armour
rPois   ∞          Reflect  .   (no helmet)
rElec   .          Harm     .   (no cloak)
rCorr   .          Rampage  .   (no gloves)
Will    .....                   (no boots)
Stlth   ++........              (no amulet)
HPRegen 0.10/turn               (no ring)
MPRegen 0.08/turn               (no ring)

@: no status effects
A: cold resistance 1, negative energy resistance 3, torment resistance 2, heat
vulnerability 1, in touch with death 1, no potions
a: no special abilities


You were in a sewer.
You visited 1 branch of the dungeon, and saw 3 of its levels.
You also visited: Sewer.

You collected 35 gold pieces.


Innate Abilities, Weirdness & Mutations

You are immune to poison.
Your flesh is cold resistant. (rC+)
You are immune to negative energy. (rN+++)
You are immune to unholy pain and torment.
You are vulnerable to heat. (rF-)
You are in touch with the powers of death.
You do not drink.


   Skills:
 + Level 4.4 Fighting
 - Level 1.5 Long Blades
 - Level 1.5 Dodging
 - Level 4.1 Stealth


You had 2 spell levels left.
You didn't know any spells.
Your spell library contained the following spells:

 Spells                   Type           Power      Damage    Failure   Level
 Slow                     Hex            0%         N/A       45%         1
 Confusing Touch          Hex            0%         N/A       83%         3
 Vampiric Draining        Necr           0%         2d6       83%         3

Inventory:

Hand Weapons
 a - a +0 falchion (weapon) {long}
Missiles
 g - 24 stones (quivered) {throwing}
Armour
 b - a +0 leather armour (worn)
Wands
 f - a wand of digging (3)
Scrolls
 c - a scroll of fog
 d - a scroll of magic mapping {!r}

Dungeon Overview and Level Annotations

Branches:
Dungeon (6/15)             Temple (0/1) D:4           Sewer (1/1)

Altars:

#####################.##
.≈≈..≈≈≈≈≈≈≈≈≈≈≈≈....≈≈≈
≈≈≈≈.≈.≈.≈≈†.@r≈≈†≈≈≈≈..
######.################
#≈# #≈# #≈# #≈# #≈# #≈#
#≈#


You could see a river rat.


Message History

You see here an adder corpse.
Key pressed, stopping explore.
A frilled lizard comes into view.
A frilled lizard is nearby!
The frilled lizard hisses angrily.
You enter the shallow water.
Moving in this stuff is going to be slow.
The frilled lizard barely misses you.
Your unstable footing causes you to fumble your attack.
You feel your willpower return. The frilled lizard barely misses you.
The frilled lizard closely misses you.
Your unstable footing causes you to fumble your attack.
The frilled lizard closely misses you.
Your unstable footing causes you to fumble your attack.
The frilled lizard bites you. 😕 HP[-1]
You take 1 damage, and now have 30/31 hp.
You barely miss the frilled lizard. The frilled lizard barely misses you.
Your unstable footing causes you to fumble your attack.
The frilled lizard barely misses you.
The frilled lizard completely misses you.
Your unstable footing causes you to fumble your attack.
The frilled lizard bites you. 😕 HP[-1]
You take 1 damage, and now have 29/31 hp.
You closely miss the frilled lizard. The frilled lizard bites you. 😕 HP[-1]
You take 1 damage, and now have 28/31 hp.
You closely miss the frilled lizard.
The frilled lizard bites you but does no damage.
Your unstable footing causes you to fumble your attack.
The frilled lizard misses you.
Your unstable footing causes you to fumble your attack.
The frilled lizard closely misses you. The frilled lizard bites you.
A frilled lizard is nearby!
A frilled lizard is nearby!
Your unstable footing causes you to fumble your attack.
The frilled lizard barely misses you.
You miss the frilled lizard.
The frilled lizard bites you but does no damage.
You slash the frilled lizard!
You kill the frilled lizard!
You see here a frilled lizard corpse.
A frilled lizard comes into view. 😎 HP[+3]
Your hp is fully restored (31).
A frilled lizard is nearby!
A frilled lizard is nearby!
A frilled lizard is nearby!
You enter the shallow water.
Moving in this stuff is going to be slow.
The frilled lizard hisses angrily.
A river rat comes into view.
The frilled lizard bites you but does no damage.
You closely miss the frilled lizard. The frilled lizard closely misses you.
Your unstable footing causes you to fumble your attack.
The frilled lizard bites you but does no damage.
You miss the frilled lizard. The frilled lizard barely misses you.
Your unstable footing causes you to fumble your attack.
The frilled lizard unfolds its giant frill.
The frilled lizard closely misses you.
Your unstable footing causes you to fumble your attack.
The frilled lizard completely misses you.
The river rat bites you. The frilled lizard bites you. 😕 HP[-7]
You take 7 damage, and now have 24/31 hp.
MASSIVE DAMAGE!! (PAUSE)
You hit the frilled lizard.
You kill the frilled lizard!
The river rat barely misses you. The river rat bites you! 😮 HP[-8]
You take 8 damage, and now have 16/31 hp.
MASSIVE DAMAGE!! (PAUSE)
Your unstable footing causes you to fumble your attack.
The river rat closely misses you.
You hit the river rat but do no damage. The river rat closely misses you.
The river rat bites you.
* * * LOW HITPOINT WARNING * * *
😨 HP[-5]
You take 5 damage, and now have 11/31 hp.
You can't drink.
Okay, then.
You hit the river rat but do no damage. The river rat bites you.
* * * LOW HITPOINT WARNING * * *
😱 HP[-5]
You take 5 damage, and now have 6/31 hp.
Unknown command.
Okay, then.
Okay, then.
You hit the river rat but do no damage. The river rat barely misses you.
You can't drink.
You hit the river rat but do no damage. The river rat bites you.
* * * LOW HITPOINT WARNING * * *
😱 HP[-3]
You take 3 damage, and now have 3/31 hp.
Press: ? - help, v - describe, . - travel Some shallow water.
You barely miss the river rat. The river rat misses you.
You barely miss the river rat. The river rat bites you.
You die...

Skill      XL: |  1  2 |
---------------+-------+-----
Fighting       | 4 |  4.4
Long Blades    | |  1.5
Dodging        | |  1.5
Stealth        | |  4.1

Action                   || total
-------------------------++-------
Melee: Falchion          ||    69
       Punch             ||     2
  Use: Scroll            ||     5
Armor: Leather armour    ||    16
Dodge: Dodged            ||    57

Levels and vault maps discovered:
D:4:      layout_basic, temple_green, gup_sewer_entry_glass,
          minmay_three_crescents
D:5:      layout_cave_pods, lemuel_coloured_pillars_altar,
          kennysheep_small_square
D:6:      layout_loops_ring, marbit_many_paths, grunt_potential
Sewer:    sewer_co_cracked_pipes

Notes
Turn   | Place    | Note
-------+----------+-------------------------------------------
     0 | D:5      | spaghetti the Mummy Delver began the quest for the Orb.
     0 | D:5      | Reached XP level 1. HP: 18/18 MP: 1/1
     0 | D:5      | magus.rc [v1.9.6]
    98 | D:6      | Noticed a six-headed hydra
    98 | D:6      | Noticed an ogre
    99 | D:6      | Noticed an ice beast
   100 | D:6      | Noticed a kobold brigand
   261 | D:5      | Noticed an ice beast
   275 | D:5      | Noticed an ogre
   301 | D:5      | Noticed an iguana
   304 | D:5      | Noticed an ogre
   460 | D:4      | You pick up a book of Debilitation and begin reading...
   460 | D:4      | You add the spells Slow, Vampiric Draining and Confusing
                  | Touch to your library.
   501 | D:4      | Found a glowing drain.
   517 | D:4      | Reached XP level 2. HP: 13/24 MP: 2/2
   528 | D:4      | Reached skill level 4 in Fighting
   528 | D:4      | Gained mutation: You are in touch with the powers of death.
                  | [Mummy growth]
   528 | D:4      | Reached XP level 3. HP: 11/30 MP: 3/3
   534 | Sewer    | Entered a sewer
  1069 | Sewer    | HP: 6/31 [river rat (6)]
  1073 | Sewer    | Slain by a river rat

Vanquished Creatures
  4 adders
  A ball python (Sewer)
  3 frilled lizards (Sewer)
  A kobold (D:4)
9 creatures vanquished.

Table legend:
 A = Non-vault XP
 B = Vault XP
 C = Vault XP percentage of total XP
 D = Non-vault monster count
 E = Vault monster count
 F = Vault count percentage of total count
                 A         B        C        D         E       F
            +---------+---------+-------+---------+---------+-------
      Total |       1 |      59 |  98.3 |       1 |       8 |  88.9
            +---------+---------+-------+---------+---------+-------
        D:4 |       1 |      40 |  97.6 |       1 |       3 |  75.0
      Sewer |       0 |      19 | 100.0 |       0 |       5 | 100.0
            +---------+---------+-------+---------+---------+-------

Illustrated notes

Table legend:
 A = Kills in this place as a percentage of kills in entire the game.
 B = Kills by you in this place as a percentage of kills by you in the entire game.
 C = Kills by friends in this place as a percentage of kills by friends in the entire game.
 D = Other kills in this place as a percentage of other kills in the entire game.
 E = Experience gained in this place as a percentage of experience gained in the entire game.
 F = Experience gained in this place divided by the number of levels of this place that you have seen.
                   A       B       C       D       E      F
               +-------+-------+-------+-------+-------+----------------------
         Total | 100.0 | 100.0 |   N/A |   N/A | 100.0 |  15.0
       Dungeon |  44.4 |  44.4 |   N/A |   N/A |  68.3 |  13.7
         Sewer |  55.6 |  55.6 |   N/A |   N/A |  31.7 |  19.0
               +-------+-------+-------+-------+-------+----------------------

Table legend: (Time is in decaauts)
 A = Elapsed time spent in this place.
 B = Non-inter-level travel time spent in this place.
 C = Inter-level travel time spent in this place.
 D = Time resting spent in this place.
 E = Time spent auto-exploring this place.
 F = Levels seen in this place.
 G = Mean time per level.
                   A        B        C        D        E       F      G
               +--------+--------+--------+--------+--------+-----+--------+
         Total |   1108 |   1108 |      0 |    629 |    239 |   4 |  277.0 |
       Dungeon |    540 |    540 |      0 |    271 |    116 |   3 |  180.0 |
         Sewer |    568 |    568 |      0 |    358 |    123 |   1 |  568.0 |
               +--------+--------+--------+--------+--------+-----+--------+

Top non-repeatable levels by time:
   Sewer: 568 daAuts
     D:4: 231 daAuts
     D:5: 196 daAuts
     D:6: 112 daAuts
